 Dungeon Crawl Stone Soup version 0.29-a0-648-g6b26cc9f40 (webtiles) character file.

Game seed: 18171330891813532949

1378 Bruhh the Insei (level 8, -1/68 HPs)
             Began as a Demigod Transmuter on June 19, 2022.
             Slain by Pikel
             ... wielding a +2 whip of electrocution
              (10 damage)
             ... on level 5 of the Dungeon on June 20, 2022.
             The game lasted 00:08:42 (9742 turns).

Bruhh the Insei (Demigod Transmuter)                Turns: 9742, Time: 00:08:43

Health: -1/68      AC:  2    Str: 11    XL:     8   Next: 16%
Magic:  15/17      EV: 19    Int: 23    God:
Gold:   233        SH:  0    Dex: 19    Spells: 11/15 levels left

rFire   x . .      SeeInvis +     - Unarmed
rCold   + . .      Faith    .   (shield currently unavailable)
rNeg    . . .      Spirit   .   (body armour currently unavailable)
rPois   x          Reflect  .   (helmet currently unavailable)
rElec   .          Harm     .   (cloak currently unavailable)
rCorr   .          Rampage  .   (gloves currently unavailable)
Will    .....                   (boots currently unavailable)
Stlth   ++........              (no amulet)
HPRegen 0.21/turn               p - ring of ice
MPRegen 0.15/turn               w - ring of see invisible

@: spider-form (expiring)
A: venomous fangs, tiny, high MP 1, forlorn, divine attributes
a: End Transformation


You were on level 5 of the Dungeon.
You were a venomous arachnid creature.
You visited 1 branch of the dungeon, and saw 6 of its levels.

You collected 330 gold pieces.
You spent 97 gold pieces at shops.

Inventory:

Missiles
 l - 2 throwing nets
Armour
 a - a +0 robe (melded)
Jewellery
 p - a ring of ice (left front leg)
 w - a ring of see invisible (right front leg)
Wands
 t - a wand of digging (13)
 x - a wand of iceblast (5)
Scrolls
 b - 3 scrolls of blinking
 c - 4 scrolls of teleportation
 e - 2 scrolls of immolation {unknown}
 f - a scroll of poison
 g - 2 scrolls of fog {unknown}
 h - a scroll of fear {unknown}
 i - a scroll of vulnerability {unknown}
 k - 3 scrolls of noise {unknown}
 m - a scroll of amnesia {unknown}
 u - a scroll of enchant armour {unknown}
 y - a scroll of identify
Potions
 d - a potion of flight
 j - 3 potions of might
 n - 3 potions of curing
 o - 2 potions of ambrosia
 q - 2 potions of lignification
 r - 3 potions of mutation {unknown}
 s - 3 potions of degeneration
 v - a potion of resistance {unknown}


   Skills:
 + Level 5.2 Fighting
 - Level 1.7 Dodging
 + Level 5.9 Unarmed Combat
 - Level 4.0 Spellcasting
 + Level 4.4 Transmutations


You had 11 spell levels left.
You knew the following spells:

 Your Spells              Type           Power      Damage    Failure   Level
a - Beastly Appendage     Tmut           50%        N/A       7%          1
b - Spider Form           Tmut/Pois      14%        N/A       30%         3

Your spell library contained the following spells:

 Spells                   Type           Power      Damage    Failure   Level
 Wereblood                Tmut           25%        N/A       10%         2
 Freeze                   Ice            24%        1d5       26%         1
 Sublimation of Blood     Necr           4%         N/A       34%         2
 Confusing Touch          Hex            4%         N/A       52%         3
 Frozen Ramparts          Ice            12%        1d3       52%         3
 Gell's Gravitas          Tloc           4%         N/A       52%         3
 Lesser Beckoning         Tloc           4%         N/A       52%         3
 Teleport Other           Tloc           4%         N/A       52%         3
 Ice Form                 Ice/Tmut       22%        N/A       61%         4
 Hailstorm                Conj/Ice       6%         3d4       87%         4
 Yara's Violent Unravell  Hex/Tmut       7%         3d5       89%         5
 Enfeeble                 Hex            2%         N/A       100%        7
 Summon Hydra             Summ           2%         N/A       100%        7


Dungeon Overview and Level Annotations

Branches:
Dungeon (6/15)
 Temple: D:4-7

Shops:
D:4 *

Annotations:
D:5 Pikel


Innate Abilities, Weirdness & Mutations

You are a venomous arachnid creature.
You have poisonous fangs.
You are tiny and dextrous.
Your spellcasting is less reliable in this form.
Your armour is entirely melded.
You are incapable of wielding weapons or throwing items.
You have an increased reservoir of magic. (+10% MP)
You shall have no god before yourself.
Your divine heritage dramatically boosts your attributes as you level up.


Message History

There is a stone staircase leading down here.
You hit Pikel.
Pikel is poisoned.
Pikel is lightly wounded.
Your transformation is almost over.
You hit Pikel but do no damage.
Pikel looks as sick as possible!
Pikel is lightly wounded.
The lemure closely misses you.
Pikel hits you with a +2 whip of electrocution.
You hit Pikel but do no damage.
Pikel is lightly wounded.
The lemure hits you. Pikel hits you but does no damage.
You hit Pikel.
Pikel looks as sick as possible!
Pikel is moderately wounded.
The lemure closely misses you. Pikel barely misses you.
You hit Pikel but do no damage.
Pikel looks as sick as possible!
Pikel is moderately wounded.
The lemure completely misses you. Pikel misses you.
You hit Pikel but do no damage.
Pikel looks as sick as possible!
Pikel is moderately wounded.
The lemure closely misses you.
Pikel hits you with a +2 whip of electrocution.
You hit Pikel but do no damage.
Pikel looks as sick as possible!
Pikel is heavily wounded.
The lemure completely misses you. Pikel closely misses you.
You hit Pikel.
Pikel looks as sick as possible!
Pikel is heavily wounded.
The lemure hits you. Pikel barely misses you.
You hit Pikel but do no damage.
Pikel looks as sick as possible!
Pikel is heavily wounded.
The lemure misses you.
Pikel hits you with a +2 whip of electrocution.
You are electrocuted!!
* * * LOW HITPOINT WARNING * * *
You hit Pikel but do no damage.
Pikel looks as sick as possible!
Pikel is severely wounded.
The lemure closely misses you.
Pikel hits you with a +2 whip of electrocution.
* * * LOW HITPOINT WARNING * * *
You are electrocuted!
You die...

.##..##≈≈≈≈≈..#.....##.#
.##.....≈≈≈............#
.##..........#.#.#.....#
.##..........#...#.....#
.##..........##..#.....#
###..........##..#####.#
#############..# #.#
#.K# #.# #.s# #.# ##5#
#.# #.# #.# #.# #.# #.#
#.# #.#####.# #.......#
#########


You could see Pikel (extremely poisoned) and a lemure.

Vanquished Creatures
  Sigmund (D:5)
  A wyvern (D:4)
  An ogre (D:5)
  A centaur (D:4)
  A phantom (D:5)
  2 scorpions (D:4)
  A howler monkey (D:5)
  3 jellies
  4 hounds
  Crazy Yiuf (D:3)
  Terence (D:2)
  Jessica (D:2)
  Natasha (thrice) (D:3)
  2 iguanas (D:5)
  An orc wizard (D:5)
  3 gnolls (D:3)
  7 adders
  A river rat (D:5)
  3 worms
  3 dart slugs
  5 orcs
  7 ball pythons
  18 endoplasms
  2 giant cockroaches (D:2)
  6 goblins
  14 hobgoblins
  6 quokkas
  A bat (D:1)
  A frilled lizard (D:2)
  11 kobolds
  9 rats
121 creatures vanquished.

Vanquished Creatures (others)
  11 toadstools (D:4)
11 creatures vanquished.

Grand Total: 132 creatures vanquished

Notes
Turn   | Place    | Note
-------+----------+-------------------------------------------
     0 | D:1      | Bruhh the Demigod Transmuter began the quest for the Orb.
     0 | D:1      | Reached XP level 1. HP: 15/15 MP: 5/5
   267 | D:1      | Reached skill level 1 in Fighting
   804 | D:1      | Reached XP level 2. HP: 23/23 MP: 5/7
  2302 | D:2      | Reached XP level 3. HP: 27/28 MP: 6/8
  2553 | D:2      | Noticed Jessica
  2561 | D:2      | Killed Jessica
  2566 | D:2      | Learned a level 3 spell: Spider Form
  2738 | D:2      | Noticed Terence
  2754 | D:2      | Killed Terence
  2755 | D:2      | Reached XP level 4. HP: 16/36 MP: 10/10
  4372 | D:3      | Reached XP level 5. HP: 41/42 MP: 10/12
  4624 | D:3      | Found a runed translucent door.
  4625 | D:3      | Noticed Crazy Yiuf
  4680 | D:3      | Noticed Natasha
  4706 | D:3      | Killed Natasha
  5284 | D:3      | Noticed Natasha
  5308 | D:3      | Killed Natasha
  5499 | D:3      | Noticed Natasha
  5509 | D:3      | Killed Natasha
  5814 | D:3      | Killed Crazy Yiuf
  5884 | D:4      | Reached XP level 6. HP: 51/51 MP: 4/13
  6206 | D:4      | Noticed a wyvern
  6222 | D:4      | Killed a wyvern
  6683 | D:4      | Reached XP level 7. HP: 36/58 MP: 13/16
  7509 | D:4      | Reached skill level 5 in Unarmed Combat
  7785 | D:4      | Found Ycih's General Store.
  7794 | D:4      | Bought a scroll of blinking for 97 gold pieces
  8191 | D:5      | Entered Level 5 of the Dungeon
  8762 | D:5      | Found a glowing drain.
  9498 | D:5      | Noticed Sigmund
  9511 | D:5      | Reached skill level 5 in Fighting
  9511 | D:5      | Reached XP level 8. HP: 57/68 MP: 13/17
  9566 | D:5      | Upgraded the game from 0.29-a0-632-g781b4ac09e to
                  | 0.29-a0-648-g6b26cc9f40
  9579 | D:5      | Killed Sigmund
  9723 | D:6      | Noticed Pikel
  9742 | D:5      | Slain by Pikel

Illustrated notes

Levels and vault maps discovered:
D:1:      dpeg_arrival_signposts, layout_basic,
          ebering_ecumenical_altar_sacrificial
D:2:      layout_loops_corners, minmay_stone_trees_small, uniq_jessica,
          uniq_terence
D:3:      layout_basic, kennysheep_generic_room_12, uniq_crazy_yiuf_cottage,
          uniq_natasha
D:4:      cheibrodos_fertilizer, layout_basic,
          gammafunk_temple_overflow_forgotten, serial_shops,
          nicolae_lakefront_shop, ebering_dispersal_statue_hall
D:5:      layout_basic, kennysheep_slug_shrine, mainiacjoe_overflow_two_lobes,
          portal_sewer_entry_a, uniq_sigmund
D:6:      layout_basic, minmay_temple_entry_from_below_a,
          lightli_corner_chamber, uniq_pikel, uniq_maggie

Skill      XL: |  1  2  3  4  5  6  7 |
---------------+----------------------+-----
Fighting       | 1 2 3 5 |  5.2
Transmutations | 2 3 4 |  4.4
Spellcasting   | 2 3 4 |  4.0
Unarmed Combat | 3 4 5 |  5.9
Dodging        | |  1.7

Action                   |  1- 3 |  4- 6 |  7- 9 || total
-------------------------+-------+-------+-------++-------
Melee: Unarmed           |    86 |   192 |   162 ||   440
       Headbutt          |    14 |    10 |    10 ||    34
       Kick              |    15 |    13 |    17 ||    45
       Punch             |       |     3 |     5 ||     8
 Cast: Beastly Appendage |    27 |    21 |    17 ||    65
       Spider Form       |       |    10 |     7 ||    17
  Use: Potion            |     1 |       |     4 ||     5
       Scroll            |       |       |     3 ||     3
 Stab: Sleeping          |     1 |     2 |     2 ||     5
Armor: Robe              |     8 |    16 |     7 ||    31
       Skin              |     1 |     1 |     2 ||     4
Dodge: Dodged            |    56 |   120 |   100 ||   276

Table legend: (Time is in decaauts)
 A = Elapsed time spent in this place.
 B = Non-inter-level travel time spent in this place.
 C = Inter-level travel time spent in this place.
 D = Time resting spent in this place.
 E = Time spent auto-exploring this place.
 F = Levels seen in this place.
 G = Mean time per level.
                   A        B        C        D        E       F      G
               +--------+--------+--------+--------+--------+-----+--------+
         Total |   9713 |   9503 |    210 |    450 |   7960 |   6 | 1618.8 |
       Dungeon |   9713 |   9503 |    210 |    450 |   7960 |   6 | 1618.8 |
               +--------+--------+--------+--------+--------+-----+--------+

Top non-repeatable levels by time:
     D:4: 2307 daAuts
     D:2: 2067 daAuts
     D:3: 2004 daAuts
     D:1: 1792 daAuts
     D:5: 1533 daAuts
     D:6: 8 daAuts
